 Dungeon Crawl Stone Soup version 0.28-a0-1199-gef9e1dbd39 (webtiles) character file.

Game seed: 3248907249577879207

378 karrick the Sneak (level 6, -2/44 HPs)
             Began as a Gnoll Enchanter on Dec 20, 2021.
             Slain by an adder (3 damage)
             ... in a sewer.
             The game lasted 00:08:52 (3360 turns).

karrick the Sneak (Gnoll Enchanter)                 Turns: 3360, Time: 00:08:54

Health: -2/44      AC:  2    Str:  8 (9)  XL:     6   Next: 74%
Magic:  14/14      EV: 10    Int: 12 (13) God:
Gold:   83         SH:  0    Dex:  9 (12) Spells: 9/15 levels left

rFire   + . .      SeeInvis .   d - +1 dagger (venom)
rCold   . . .      Faith    .   (no shield)
rNeg    . . .      Spirit   .   e - +0 robe {rF+}
rPois   .          Reflect  .   (no helmet)
rElec   .          Harm     .   (no cloak)
rCorr   .          Rampage  .   (no gloves)
Will    .....                   (no boots)
Stlth   +++.......              (no amulet)
HPRegen 0.14/turn               (no ring)
MPRegen 0.14/turn               (no ring)

@: lethally poisoned (-2 -> -7), confusing by touch, attractive, constricted
A: fangs 1, strong nose, distributed training, dopey 1
a: no special abilities


You were in a sewer.
You visited 1 branch of the dungeon, and saw 3 of its levels.
You also visited: Sewer.

You collected 83 gold pieces.

Inventory:

Hand Weapons
 d - a +1 dagger of venom (weapon)
Armour
 e - a +0 robe of fire resistance (worn)
Wands
 l - a wand of digging (5)
Scrolls
 b - 3 scrolls of teleportation {unknown}
 h - a scroll of identify {unknown}
 i - a scroll of vulnerability {unknown}
Potions
 c - a potion of magic


   Skills:
 + Level 2.1 Fighting
 + Level 3.3 Short Blades
 + Level 2.1 Long Blades
 + Level 2.1 Axes
 + Level 2.1 Maces & Flails
 + Level 2.1 Polearms
 + Level 2.1 Staves
 + Level 2.1 Slings
 + Level 2.1 Bows
 + Level 2.1 Crossbows
 + Level 2.1 Throwing
 + Level 2.1 Armour
 + Level 5.0 Dodging
 + Level 6.3 Stealth
 + Level 2.1 Shields
 + Level 2.1 Unarmed Combat
 + Level 5.4 Spellcasting
 + Level 1.6 Conjurations
 + Level 5.7 Hexes
 + Level 1.6 Summonings
 + Level 1.6 Necromancy
 + Level 1.6 Translocations
 + Level 1.6 Transmutations
 + Level 1.6 Fire Magic
 + Level 1.6 Ice Magic
 + Level 1.6 Air Magic
 + Level 1.6 Earth Magic
 + Level 1.6 Poison Magic
 + Level 2.3 Invocations
 + Level 2.1 Evocations


You had 9 spell levels left.
You knew the following spells:

 Your Spells              Type           Power      Damage    Failure   Level
a - Confusing Touch       Hex            17%        N/A       5%          3
b - Tukima's Dance        Hex            17%        N/A       5%          3

Your spell library contained the following spells:

 Spells                   Type           Power      Damage    Failure   Level
 Ensorcelled Hibernation  Hex/Ice        24%        N/A       6%          2
 Shock                    Conj/Air       28%        1d4       10%         1
 Dazzling Flash           Conj/Hex       24%        N/A       13%         3
 Swiftness                Air            7%         N/A       28%         3
 Airstrike                Air            3%         N/A       67%         4


Dungeon Overview and Level Annotations

Branches:
Dungeon (3/15)              Sewer (1/1)

Altars:

Shops:
D:3 =

Annotations:
D:3 Robin


Innate Abilities, Weirdness & Mutations

You have very sharp teeth.
Your uncanny sense of smell can sniff out nearby items.
Your experience applies equally to all skills.
You are dopey. (Int -2)


Message History

The adder bites you.
* * * LOW HITPOINT WARNING * * *
The adder closely misses you.
It was a potion of ambrosia.
You are confused.
You feel invigorated.
* * * LOW HITPOINT WARNING * * *
You feel very sick. The adder barely misses you. The ball python bites you.
* * * LOW HITPOINT WARNING * * *
The ball python barely misses you. The adder bites you.
* * * LOW HITPOINT WARNING * * *
The adder misses you.
It was a potion of degeneration.
There was something very wrong with that liquid.
You feel weakened.
You feel dopey.
You feel clumsy.
* * * LOW HITPOINT WARNING * * *
You feel sick. The adder bites you.
* * * LOW HITPOINT WARNING * * *
The ball python misses you. The ball python grabs you.
The ball python constricts you. The adder closely misses you.
It was a potion of attraction.
You feel attractive to monsters.
You feel less invigorated.
You feel less confused.
* * * LOW HITPOINT WARNING * * *
You feel sick. The adder bites you.
* * * LOW HITPOINT WARNING * * *
The ball python bites you.
* * * LOW HITPOINT WARNING * * *
The ball python constricts you. The adder barely misses you. x2
The ball python bites you but does no damage.
The ball python constricts you.
Aiming: Dig
Press: ? - help, Shift-Dir - straight line A rock wall.
The rock shatters into small pieces.
* * * LOW HITPOINT WARNING * * *
You feel sick. The adder closely misses you. The adder bites you.
You die...

#≈†≈≈≈≈#
#≈≈≈≈≈≈#
#≈≈≈≈≈≈#
#.≈≈≈≈≈≈#
#≈≈≈≈≈≈#
#.#≈≈≈≈≈≈#
#≈≈≈≈≈≈#
#.##≈≈≈≈≈≈#
#≈≈≈≈≈≈#
#.#
#≈≈≈≈≈≈#
#≈≈≈≈≈≈##.#
#≈≈≈≈≈≈#
#≈≈≈≈≈≈#.#
#≈≈≈≈≈≈# ∆∆
#.≈≈≈S#.#
##≈.≈≈.# ∆∆
#....S@#
#......#
#.....S##
#†.∩∩..#
#.......#
#......#
........##
##....##
.......##
######
..##### ##


You could see 2 adders and a ball python.

Vanquished Creatures
  Sigmund (D:2)
  Jessica (D:2)
  Ijyb (D:3)
  2 adders
  5 river rats
  2 worms (D:3)
  A dart slug (D:1)
  4 orcs (D:3)
  5 bats
  3 endoplasms (D:1)
  4 giant cockroaches
  8 goblins
  8 hobgoblins
  2 jackals (D:3)
  6 kobolds
  5 quokkas
  8 ball pythons
  4 frilled lizards
  19 rats
89 creatures vanquished.

Notes
Turn   | Place    | Note
-------+----------+-------------------------------------------
     0 | D:1      | karrick the Gnoll Enchanter began the quest for the Orb.
     0 | D:1      | Reached XP level 1. HP: 13/13 MP: 6/6
   306 | D:1      | Reached XP level 2. HP: 11/19 MP: 7/7
   328 | D:1      | HP: 1/20 [frozen (4)]
   957 | D:1      | Reached XP level 3. HP: 25/25 MP: 9/9
   963 | D:1      | Reached skill level 5 in Spellcasting
  1203 | D:2      | Found a faded altar of an unknown god.
  1260 | D:2      | Reached skill level 6 in Stealth
  1355 | D:2      | Noticed Sigmund
  1360 | D:2      | Killed Sigmund
  1361 | D:2      | Reached skill level 1 in Fighting
  1361 | D:2      | Reached skill level 1 in Long Blades
  1361 | D:2      | Reached skill level 1 in Axes
  1361 | D:2      | Reached skill level 1 in Maces & Flails
  1361 | D:2      | Reached skill level 1 in Polearms
  1361 | D:2      | Reached skill level 1 in Staves
  1361 | D:2      | Reached skill level 1 in Slings
  1361 | D:2      | Reached skill level 1 in Bows
  1361 | D:2      | Reached skill level 1 in Crossbows
  1361 | D:2      | Reached skill level 1 in Throwing
  1361 | D:2      | Reached skill level 1 in Armour
  1361 | D:2      | Reached skill level 1 in Shields
  1361 | D:2      | Reached skill level 1 in Unarmed Combat
  1361 | D:2      | Reached skill level 1 in Conjurations
  1361 | D:2      | Reached skill level 1 in Summonings
  1361 | D:2      | Reached skill level 1 in Necromancy
  1361 | D:2      | Reached skill level 1 in Translocations
  1361 | D:2      | Reached skill level 1 in Transmutations
  1361 | D:2      | Reached skill level 1 in Fire Magic
  1361 | D:2      | Reached skill level 1 in Ice Magic
  1361 | D:2      | Reached skill level 1 in Air Magic
  1361 | D:2      | Reached skill level 1 in Earth Magic
  1361 | D:2      | Reached skill level 1 in Poison Magic
  1361 | D:2      | Reached skill level 1 in Invocations
  1361 | D:2      | Reached skill level 1 in Evocations
  1361 | D:2      | Reached XP level 4. HP: 32/32 MP: 11/11
  1361 | D:2      | Reached XP level 5. HP: 37/37 MP: 12/12
  1378 | D:2      | Learned a level 3 spell: Confusing Touch
  1382 | D:2      | Learned a level 3 spell: Tukima's Dance
  1442 | D:2      | Noticed Jessica
  1465 | D:2      | Killed Jessica
  1466 | D:2      | Reached XP level 6. HP: 29/44 MP: 11/13
  2491 | D:3      | Found Odayra's Jewellery Shoppe.
  2511 | D:3      | Noticed Ijyb
  2598 | D:3      | Killed Ijyb
  2620 | D:3      | Noticed Robin
  2669 | D:3      | Reached skill level 5 in Dodging
  2847 | D:3      | Found a glowing drain.
  2851 | Sewer    | Entered a sewer
  3356 | Sewer    | Gained mutation: You are dopey. (Int -2) [potion of
                  | mutation]
  3360 | Sewer    | HP: 1/44 [poisoned by an adder]
  3360 | Sewer    | Slain by an adder

Illustrated notes

Levels and vault maps discovered:
D:1:      saegor_arrival_simple_a, layout_basic, minmay_pentomino_s4
D:2:      layout_basic, nicolae_ecumenical_pavilion, uniq_jessica, uniq_sigmund
D:3:      layout_basic, serial_shops, nicolae_shop_stone,
          gup_sewer_entry_spiral, uniq_robin, uniq_ijyb
Sewer:    sewer_minmay_w

Skill      XL: |  1  2  3  4  5  6 |
---------------+-------------------+-----
Spellcasting   | 5 |  5.4
Stealth        | 6 |  6.3
Fighting       | 1 2 |  2.1
Short Blades   | 3 |  3.3
Long Blades    | 1 2 |  2.1
Axes           | 1 2 |  2.1
Maces & Flails | 1 2 |  2.1
Polearms       | 1 2 |  2.1
Staves         | 1 2 |  2.1
Slings         | 1 2 |  2.1
Bows           | 1 2 |  2.1
Crossbows      | 1 2 |  2.1
Throwing       | 1 2 |  2.1
Armour         | 1 2 |  2.1
Shields        | 1 2 |  2.1
Unarmed Combat | 1 2 |  2.1
Conjurations   | 1 |  1.6
Summonings     | 1 |  1.6
Necromancy     | 1 |  1.6
Translocations | 1 |  1.6
Transmutations | 1 |  1.6
Fire Magic     | 1 |  1.6
Ice Magic      | 1 |  1.6
Air Magic      | 1 |  1.6
Earth Magic    | 1 |  1.6
Poison Magic   | 1 |  1.6
Invocations    | 1 2 |  2.3
Evocations     | 1 2 |  2.1
Dodging        | 5 |  5.0
Hexes          | |  5.7

Action                   |  1- 3 |  4- 6 || total
-------------------------+-------+-------++-------
Melee: Dagger            |    62 |   192 ||   254
       Bite              |     4 |    10 ||    14
       Punch             |       |     1 ||     1
 Cast: Confusing Touch   |       |     9 ||     9
Evoke: Wand              |       |     1 ||     1
  Use: Potion            |     1 |     6 ||     7
 Stab: Sleeping          |    13 |     7 ||    20
       Confused          |       |     3 ||     3
       Distracted        |       |     1 ||     1
Armor: Robe              |     7 |    21 ||    28
Dodge: Dodged            |    29 |   127 ||   156

Table legend: (Time is in decaauts)
 A = Elapsed time spent in this place.
 B = Non-inter-level travel time spent in this place.
 C = Inter-level travel time spent in this place.
 D = Time resting spent in this place.
 E = Time spent auto-exploring this place.
 F = Levels seen in this place.
 G = Mean time per level.
                   A        B        C        D        E       F      G
               +--------+--------+--------+--------+--------+-----+--------+
         Total |   3404 |   3394 |     10 |      0 |   2319 |   4 |  851.0 |
       Dungeon |   2851 |   2841 |     10 |      0 |   1962 |   3 |  950.3 |
         Sewer |    553 |    553 |      0 |      0 |    357 |   1 |  553.0 |
               +--------+--------+--------+--------+--------+-----+--------+

Top non-repeatable levels by time:
     D:1: 1195 daAuts
     D:2: 1110 daAuts
   Sewer: 553 daAuts
     D:3: 544 daAuts
